[Event "Titled Tuesday Blitz June 21 Early 2022"]
[White "Hamidi, Amir Mohammad"]
[Black "Heinemann, Josefine"]
[WhiteFideId "12563285"]
[BlackFideId "12900460"]
[WhiteElo "2283"]
[BlackElo "2300"]
[Result "0-1"]
[Round "05"]
[TimeControl "180+1"]
[Date "2022.06.22"]
[WhiteClock "0:00:26"]
[BlackClock "0:01:08"]

1. d4 Nf6 2. c4 e6 3. Nc3 Bb4 4. e3 O-O 5. Ne2 Re8 6. a3 Bf8 7. Ng3 d5 8. cxd5 exd5 9. Bd3 c5 10. O-O Nc6 11. dxc5 Bxc5 12. b4 Bd6 13. Nce2 h5 14. Bb2 h4 15. Nf5 h3 16. g3 Bf8 17. Nf4 Ne5 18. Rc1 a5 19. b5 g6 20. Nd4 a4 21. Re1 g5 22. Nh5 Bg4 23. Nxf6+ Qxf6 24. Be2 Bxe2 25. Qxe2 g4 26. Rc7 Qg6 27. Rxb7 Qe4 28. Qf1 Bc5 29. f3 Nxf3+ 30. Nxf3 gxf3 31. Bc1 d4 32. Qc4 f2+ 0-1


[Site "https://www.chess.com"]

[Event "Titled Tuesday Blitz June 21 Early 2022"]
[White "Hartikainen, Jarmo"]
[Black "Vidonyak, Roman"]
[WhiteFideId "503134"]
[BlackFideId "14100622"]
[WhiteElo "2145"]
[BlackElo "2386"]
[Result "1-0"]
[Round "05"]
[TimeControl "180+1"]
[Date "2022.06.22"]
[WhiteClock "0:00:03"]
[BlackClock "0:00:01"]

1. e4 c5 2. c3 d5 3. exd5 Qxd5 4. d4 Nc6 5. Nf3 cxd4 6. cxd4 e5 7. Nc3 Bb4 8. Be3 Bg4 9. Be2 e4 10. Nd2 Bxc3 11. bxc3 Bxe2 12. Qxe2 Nf6 13. O-O O-O 14. c4 Qf5 15. Rab1 b6 16. f3 exf3 17. Rxf3 Qd7 18. d5 Ne5 19. Rxf6 gxf6 20. Bh6 Rfe8 21. Ne4 Kh8 22. Nxf6 Qf5 23. Rf1 Qg6 24. Nxe8 Rxe8 25. Bf4 f6 26. Qb2 Qe4 27. Kh1 Qd3 28. Qf2 Qf5 29. Bxe5 Qxe5 30. h3 Kg7 31. Qf3 Rf8 32. Qg4+ Kh8 33. Rf5 Qe1+ 34. Kh2 Qc3 35. Qh4 Rf7 36. Qf4 Rf8 37. d6 1-0


[Site "https://www.chess.com"]

[Event "Titled Tuesday Blitz June 21 Early 2022"]
[White "Horak, Martin"]
[Black "Barbashin, Igor"]
[WhiteFideId "367095"]
[BlackFideId "4155718"]
[WhiteElo "1997"]
[BlackElo "2138"]
[Result "1-0"]
[Round "05"]
[TimeControl "180+1"]
[Date "2022.06.22"]
[WhiteClock "0:00:22"]
[BlackClock "0:00:25"]

1. e4 d5 2. exd5 Nf6 3. Nf3 Nxd5 4. d4 g6 5. c4 Nb6 6. h3 Bg7 7. Nc3 O-O 8. Be3 Nc6 9. Qd2 e5 10. O-O-O exd4 11. Nxd4 Nxd4 12. Bxd4 Qxd4 13. Qxd4 Bxd4 14. Rxd4 c5 15. Rd2 Be6 16. b3 Rfd8 17. Be2 Rxd2 18. Kxd2 Rd8+ 19. Ke3 Nc8 20. Bf3 b6 21. g4 Ne7 22. Re1 Kg7 23. Nb5 h5 24. Kf4 hxg4 25. hxg4 Rd7 26. Rd1 Rxd1 27. Bxd1 Nc6 28. Bf3 Nb4 29. a3 Nd3+ 30. Ke3 Ne5 31. g5 a5 32. Nc7 Bd7 33. a4 f6 34. gxf6+ Kxf6 35. Nd5+ Ke6 36. Nxb6 Nxf3 37. Nxd7 Nd4 38. Nxc5+ Ke5 39. Nd3+ 1-0


[Site "https://www.chess.com"]

[Event "Titled Tuesday Blitz June 21 Early 2022"]
[White "Ibrahimli, Murad"]
[Black "Starozhilov, Leonid"]
[WhiteFideId "13410229"]
[BlackFideId "14106752"]
[WhiteElo "2109"]
[BlackElo "2414"]
[Result "1-0"]
[Round "05"]
[TimeControl "180+1"]
[Date "2022.06.21"]
[WhiteClock "0:00:21"]
[BlackClock "0:00:05"]

1. d4 Nf6 2. c4 g6 3. Nc3 d6 4. e4 Bg7 5. Be2 O-O 6. Be3 e5 7. d5 a5 8. g4 Na6 9. h4 Nc5 10. f3 h5 11. g5 Nfd7 12. Qd2 Nb6 13. Nh3 a4 14. Nf2 Bd7 15. O-O-O Qe7 16. Kb1 Rfc8 17. Bxc5 dxc5 18. d6 Qe8 19. dxc7 Rxc7 20. a3 Be6 21. Nd5 Nxd5 22. exd5 Bd7 23. Ne4 Bf5 24. Ka2 Bxe4 25. fxe4 Bf8 26. Rhf1 Ra6 27. Rf3 Bd6 28. Rf6 Qd8 29. Rdf1 b6 30. Qc3 Raa7 31. Rxd6 Qxd6 32. Rf6 Qd8 33. Qxe5 Re7 34. Qf4 Qe8 35. Bd3 Rab7 36. Rc6 Re5 37. Qf6 Kh7 38. Rxb6 Rxb6 39. Qxb6 Rxe4 40. Bxe4 Qxe4 41. Qxc5 Qxh4 42. d6 Qg4 43. Qc7 h4 44. Qxf7+ Kh8 45. d7 1-0


[Site "https://www.chess.com"]

[Event "Titled Tuesday Blitz June 21 Early 2022"]
[White "Jaferian, Koosha"]
[Black "Baches Garcia, Guillermo"]
[WhiteFideId "12507440"]
[BlackFideId "2209764"]
[WhiteElo "2030"]
[BlackElo "2460"]
[Result "1/2-1/2"]
[Round "05"]
[TimeControl "180+1"]
[Date "2022.06.22"]
[WhiteClock "0:01:43"]
[BlackClock "0:00:26"]

1. Nf3 Nf6 2. b3 b6 3. Bb2 Bb7 4. g3 g6 5. Bg2 Bg7 6. O-O O-O 7. c4 c5 8. d4 cxd4 9. Nxd4 Bxg2 10. Kxg2 d5 11. Nd2 Qd7 12. cxd5 Qxd5+ 13. N4f3 Nc6 14. Nc4 Rfd8 15. Qxd5 Rxd5 16. Rac1 Na5 17. Ne3 Rd7 18. Ne5 Rd2 19. Rc2 Rxc2 20. Nxc2 Rd8 21. Bc3 Rc8 22. Bxa5 Rxc2 23. Bb4 Nd5 24. Nd3 Rxe2 25. Rc1 Nxb4 26. Nxb4 Bd4 27. Rc2 Rxc2 28. Nxc2 Bc5 29. f4 f6 30. Kf3 Kf7 31. Ne1 e5 32. fxe5 fxe5 33. Ke4 Ke6 34. Nd3 Bd4 35. h3 h5 36. g4 hxg4 37. hxg4 Kf6 38. Nb4 a5 39. Nc6 Kg5 40. Kf3 Bc3 41. Ne7 Bd4 42. Nc6 Bc3 43. Ne7 Bd4 44. Nc6 1/2-1/2


[Site "https://www.chess.com"]

[Event "Titled Tuesday Blitz June 21 Early 2022"]
[White "Jakubowska, Anna"]
[Black "Tinmaz, Kerem"]
[WhiteFideId "1121952"]
[BlackFideId "44559151"]
[WhiteElo "1878"]
[BlackElo "1443"]
[Result "0-1"]
[Round "05"]
[TimeControl "180+1"]
[Date "2022.06.22"]
[WhiteClock "0:00:09"]
[BlackClock "0:00:07"]

1. e4 c6 2. d4 d5 3. e5 Bf5 4. Nf3 e6 5. Be2 h6 6. O-O c5 7. Be3 Qb6 8. Nc3 Nd7 9. dxc5 Bxc5 10. Bxc5 Qxc5 11. Nb5 Ne7 12. b4 Qb6 13. Nd6+ Kf8 14. Kh1 Nxe5 15. Nxf5 Nxf3 16. Nxe7 Nd4 17. Ng6+ fxg6 18. Bd3 Kf7 19. Qg4 Nf5 20. Qf3 Kg8 21. c4 Qc6 22. cxd5 Qxd5 23. Be4 Qe5 24. Rfe1 Rf8 25. Bxb7 Qf6 26. Rac1 Kh7 27. Be4 Nd4 28. Qxf6 gxf6 29. f3 Rf7 30. Rc4 e5 31. Bd5 Rd7 32. Be4 f5 33. Bb1 Re8 34. a4 Kg7 35. b5 Kf6 36. Kg1 Ne6 37. Bc2 Rd2 38. Rc6 Ke7 39. Bb3 Nd4 40. Rxe5+ Kd7 41. Rd5+ Ke7 42. Rc7+ Kf8 43. Rc1 Nxb3 44. Rf1 Rxd5 45. h4 Rd2 46. Rf2 Ree2 47. Rxe2 Rxe2 48. Kf1 Ra2 49. a5 Rxa5 50. Ke2 Rxb5 51. Kd3 Nc1+ 52. Kc4 Rb2 53. Kc3 Rxg2 54. Kd4 Rh2 55. Ke5 Rxh4 56. Kf6 Rf4 0-1


[Site "https://www.chess.com"]

[Event "Titled Tuesday Blitz June 21 Early 2022"]
[White "Jakubowski, Krzysztof"]
[Black "Chernomordik, Pavel"]
[WhiteFideId "1112848"]
[BlackFideId "2804530"]
[WhiteElo "2365"]
[BlackElo "2220"]
[Result "0-1"]
[Round "05"]
[TimeControl "180+1"]
[Date "2022.06.22"]
[WhiteClock "0:00:01"]
[BlackClock "0:00:45"]

1. e4 g6 2. d4 Bg7 3. Nc3 d6 4. f4 a6 5. Nf3 b5 6. Bd3 Nd7 7. e5 c5 8. Be4 Rb8 9. O-O b4 10. Na4 Qa5 11. Bc6 Qc7 12. d5 Bb7 13. exd6 Qxd6 14. Bxd7+ Qxd7 15. Nxc5 Qxd5 16. Qxd5 Bxd5 17. Nxa6 Rb7 18. Rd1 Bc4 19. Nc5 Rc7 20. Nd3 Bxd3 21. cxd3 Nh6 22. d4 Nf5 23. g4 Nd6 24. Bd2 Rc2 25. Bxb4 Rxb2 26. Bxd6 exd6 27. Rdb1 Rxb1+ 28. Rxb1 Ke7 29. Rb7+ Ke6 30. f5+ gxf5 31. gxf5+ Kxf5 32. Rxf7+ Kg6 33. Rd7 Ra8 34. Rxd6+ Kf5 35. Rd7 Bh6 36. Rxh7 Be3+ 37. Kg2 Rxa2+ 38. Kg3 Bf4+ 39. Kh3 Rf2 40. Nh4+ Ke6 41. Kg4 Bxh2 0-1


[Site "https://www.chess.com"]

[Event "Titled Tuesday Blitz June 21 Early 2022"]
[White "Jaracz, Pawel"]
[Black "Samadov, Read"]
[WhiteFideId "1102222"]
[BlackFideId "13417444"]
[WhiteElo "2459"]
[BlackElo "2084"]
[Result "1-0"]
[Round "05"]
[TimeControl "180+1"]
[Date "2022.06.22"]
[WhiteClock "0:00:55"]
[BlackClock "0:00:02"]

1. e4 c5 2. Nf3 d6 3. Bb5+ Nd7 4. d4 cxd4 5. Qxd4 a6 6. Bxd7+ Bxd7 7. O-O Rc8 8. c4 e5 9. Qd3 h6 10. Nc3 Nf6 11. Be3 Be7 12. a4 Qa5 13. Rfb1 Qb4 14. b3 O-O 15. Ne1 Qa5 16. Nc2 Be6 17. Bd2 Qc7 18. Ne3 Rfd8 19. Rc1 Qc6 20. Rd1 Nd7 21. Ned5 Bf8 22. Be3 Nc5 23. Qc2 g6 24. a5 Kh8 25. Nb6 Rb8 26. Ncd5 Nd7 27. Qd2 Kh7 28. Nxd7 Bxd7 29. f3 Be6 30. Nb6 g5 31. g4 f6 32. Qd3 Qe8 33. Kg2 h5 34. h3 Qg6 35. Rh1 Kg8 36. b4 Kf7 37. b5 Be7 38. Nd5 Rbc8 39. Rab1 axb5 40. cxb5 h4 41. a6 bxa6 42. bxa6 Qg8 43. Rb7 Rd7 44. Rhb1 Qd8 45. a7 Ra8 46. Qa6 Bxd5 47. exd5 Rxb7 48. Rxb7 Qc8 49. Qc6 Kf8 50. Qxc8+ Rxc8 51. Rb8 1-0


[Site "https://www.chess.com"]

[Event "Titled Tuesday Blitz June 21 Early 2022"]
[White "Jobava, Baadur"]
[Black "Korchmar, Vasiliy"]
[WhiteFideId "13601520"]
[BlackFideId "24131750"]
[WhiteElo "2617"]
[BlackElo "2370"]
[Result "1-0"]
[Round "05"]
[TimeControl "180+1"]
[Date "2022.06.21"]
[WhiteClock "0:01:42"]
[BlackClock "0:00:05"]

1. b3 d5 2. Bb2 e6 3. g3 Nf6 4. Bg2 c5 5. d3 Nc6 6. Nd2 Be7 7. e4 b6 8. Ne2 Bb7 9. O-O Qc7 10. exd5 Nxd5 11. Bxg7 Rg8 12. Bb2 h5 13. c4 Ndb4 14. Nf4 O-O-O 15. Qxh5 Nc2 16. Qxf7 N6d4 17. Bxd4 Nxd4 18. Nxe6 Ne2+ 19. Kh1 Bxg2+ 20. Kxg2 Qc6+ 21. Ne4 Rxd3 22. Qxg8+ Kb7 23. f3 Nc3 24. Qf7 Nxe4 25. Qxe7+ Ka6 26. Nc7+ Ka5 27. Qxe4 1-0


[Site "https://www.chess.com"]

[Event "Titled Tuesday Blitz June 21 Early 2022"]
[White "Joie, Sebastien"]
[Black "Itkis, Boris"]
[WhiteFideId "650420"]
[BlackFideId "1209167"]
[WhiteElo "2397"]
[BlackElo "2207"]
[Result "1-0"]
[Round "05"]
[TimeControl "180+1"]
[Date "2022.06.22"]
[WhiteClock "0:00:29"]
[BlackClock "0:00:05"]

1. Nf3 Nf6 2. g3 d5 3. Bg2 g6 4. b3 Bg7 5. Bb2 O-O 6. c4 c6 7. O-O Nbd7 8. Qc2 Re8 9. Ne5 Nxe5 10. Bxe5 Ng4 11. Bxg7 Kxg7 12. cxd5 cxd5 13. d4 Bf5 14. Qb2 Nf6 15. Nc3 Rc8 16. Rac1 e6 17. f3 Qb6 18. Na4 Qa5 19. g4 Nxg4 20. fxg4 Bxg4 21. Rc5 Rxc5 22. dxc5+ Kg8 23. Qf6 Bf5 24. e4 dxe4 25. Bxe4 Qd2 26. Bxf5 exf5 27. Qc3 Qxa2 28. Re1 Rxe1+ 29. Qxe1 Qxb3 30. Qe8+ Kg7 31. Qe5+ Kh6 32. Nc3 Qc4 33. Kf2 Qg4 34. Nd5 Qc4 35. Ne7 Qc2+ 36. Kf3 Qd1+ 37. Qe2 Qd5+ 38. Nxd5 1-0


[Site "https://www.chess.com"]

[Event "Titled Tuesday Blitz June 21 Early 2022"]
[White "Kalaiyalahan, Akshaya"]
[Black "Winkels, Marcel"]
[WhiteFideId "422894"]
[BlackFideId "1003887"]
[WhiteElo "1913"]
[BlackElo "1900"]
[Result "1-0"]
[Round "05"]
[TimeControl "180+1"]
[Date "2022.06.22"]
[WhiteClock "0:00:09"]
[BlackClock "0:00:15"]

1. c4 f5 2. Nc3 Nf6 3. d3 g6 4. e4 d6 5. exf5 Bxf5 6. Nf3 Bg7 7. Be2 O-O 8. O-O Nc6 9. d4 Ne4 10. Nxe4 Bxe4 11. Be3 e5 12. d5 Ne7 13. Nd2 Bf5 14. Qb3 b6 15. Bd3 Bxd3 16. Qxd3 Nf5 17. Ne4 h6 18. Rac1 Qd7 19. b4 a5 20. a3 axb4 21. axb4 Ra2 22. c5 bxc5 23. bxc5 Nxe3 24. fxe3 Qe7 25. cxd6 cxd6 26. Rxf8+ Qxf8 27. h3 Qf5 28. Rf1 Qc8 29. Nxd6 Qc7 30. Qxg6 Ra6 31. Rf7 Ra1+ 32. Kh2 Rh1+ 33. Kxh1 Qc1+ 34. Kh2 Qxe3 35. Qxg7# 1-0


[Site "https://www.chess.com"]

[Event "Titled Tuesday Blitz June 21 Early 2022"]
[White "Karttunen, Mika"]
[Black "Puranik, Abhimanyu"]
[WhiteFideId "502081"]
[BlackFideId "5061245"]
[WhiteElo "2343"]
[BlackElo "2520"]
[Result "1-0"]
[Round "05"]
[TimeControl "180+1"]
[Date "2022.06.21"]
[WhiteClock "0:00:19"]
[BlackClock "0:00:02"]

1. e4 c5 2. Nf3 e6 3. d4 cxd4 4. Nxd4 Nc6 5. Nc3 Qc7 6. Be3 Nf6 7. Qf3 a6 8. O-O-O d6 9. Be2 Ne5 10. Qg3 b5 11. f4 Nc4 12. Bxc4 Qxc4 13. e5 Nd7 14. exd6 b4 15. Ne4 Bb7 16. b3 Qc8 17. Ng5 Qc3 18. Kb1 Rc8 19. Rd3 Qc5 20. Rc1 Qa5 21. f5 e5 22. Nde6 h6 23. Nc7+ Rxc7 24. Nxf7 Rc3 25. Nxh8 Bd5 26. Bd2 1-0


[Site "https://www.chess.com"]

[Event "Titled Tuesday Blitz June 21 Early 2022"]
[White "Khabinets, Ivan"]
[Black "Einarsson, Halldor Gretar"]
[WhiteFideId "14115980"]
[BlackFideId "2300150"]
[WhiteElo "2114"]
[BlackElo "2114"]
[Result "1-0"]
[Round "05"]
[TimeControl "180+1"]
[Date "2022.06.22"]
[WhiteClock "0:00:19"]
[BlackClock "0:00:10"]

1. c4 c5 2. Nc3 Nc6 3. Nf3 Nf6 4. g3 g6 5. Bg2 Bg7 6. d4 cxd4 7. Nxd4 Nxd4 8. Qxd4 O-O 9. O-O d6 10. e4 Be6 11. Qd3 Rc8 12. b3 b5 13. Nxb5 Nxe4 14. Nd4 Nc5 15. Qe3 Qd7 16. Re1 Rfe8 17. Bb2 Bh3 18. Bh1 e5 19. Nb5 a6 20. Nc3 Ne6 21. Nd5 Rb8 22. Rad1 f5 23. Nb6 Qc7 24. Nd5 Qf7 25. Qd2 f4 26. Be4 Rf8 27. Bc3 Ng5 28. Bh1 h6 29. gxf4 exf4 30. Bxg7 Kxg7 31. Re7 Rbe8 32. Rde1 Kg8 33. Rxf7 Rxe1+ 34. Qxe1 Kxf7 35. Qe7+ Kg8 36. Nf6+ Rxf6 37. Qxf6 1-0


[Site "https://www.chess.com"]

[Event "Titled Tuesday Blitz June 21 Early 2022"]
[White "Kopczynski, Michal"]
[Black "Jia, Haoxiang"]
[WhiteFideId "1124200"]
[BlackFideId "8602999"]
[WhiteElo "2235"]
[BlackElo "2597"]
[Result "0-1"]
[Round "05"]
[TimeControl "180+1"]
[Date "2022.06.22"]
[WhiteClock "0:00:04"]
[BlackClock "0:00:19"]

1. e4 c5 2. d4 cxd4 3. c3 dxc3 4. Nxc3 Nc6 5. f4 d6 6. Nf3 a6 7. Be3 Nf6 8. Bd3 Bg4 9. O-O e6 10. Kh1 Be7 11. Qe1 O-O 12. Rd1 Qc7 13. Qg3 Bxf3 14. Rxf3 Rfd8 15. Qh3 Nb4 16. Bb1 d5 17. e5 Ne4 18. Rc1 Rac8 19. Rff1 Qa5 20. a3 Nc6 21. Nxe4 dxe4 22. Bxe4 g6 23. Qf3 Qb5 24. Bxc6 Rxc6 25. Rxc6 bxc6 26. b4 Rd3 27. Rd1 Rxa3 28. f5 Qxe5 29. fxg6 hxg6 30. Rf1 f5 31. Qxc6 Rxe3 32. Qe8+ Bf8 33. Qxg6+ Qg7 34. Qh5 Bxb4 35. h3 Bf8 36. Rc1 a5 37. Qe8 Re2 38. Rg1 Qf7 39. Qc6 Qf6 40. Rf1 Qe5 41. Qf3 Re1 42. h4 Rxf1+ 43. Qxf1 a4 44. Qd1 a3 45. Qb1 Qe4 46. Qa2 Qxh4+ 47. Kg1 Qe1+ 48. Kh2 Bd6+ 49. Kh3 Qg3# 0-1


[Site "https://www.chess.com"]

[Event "Titled Tuesday Blitz June 21 Early 2022"]
[White "Kowalysko, Roman"]
[Black "Sovetbekova, Nurai"]
[WhiteFideId "30918510"]
[BlackFideId "13801910"]
[WhiteElo "2111"]
[BlackElo "1646"]
[Result "1-0"]
[Round "05"]
[TimeControl "180+1"]
[Date "2022.06.22"]
[WhiteClock "0:00:16"]
[BlackClock "0:00:07"]

1. e4 c5 2. Nf3 d6 3. d4 cxd4 4. Nxd4 Nf6 5. Nc3 a6 6. Bg5 e6 7. f4 Be7 8. Qf3 Qc7 9. O-O-O Nbd7 10. Qg3 h6 11. Bh4 Nh5 12. Nxe6 fxe6 13. Qg6+ Kf8 14. Qxh5 Nf6 15. Qg6 Bd7 16. e5 dxe5 17. fxe5 Be8 18. Qg3 Nh5 19. Bxe7+ Qxe7 20. Qf3+ Kg8 21. Bc4 b5 22. Qxa8 bxc4 23. Rd8 Kh7 24. Kb1 Nf4 25. g3 Ng6 26. Re1 Bb5 27. Rxh8+ Nxh8 28. Nxb5 axb5 29. Qe4+ Ng6 30. h4 h5 31. g4 Kh6 32. g5+ Kh7 33. a3 b4 34. axb4 Qxb4 35. Rd1 Qb5 36. c3 Qxe5 37. Qxe5 Nxe5 38. Re1 Nf3 39. Rxe6 Nxh4 40. Re4 Nf3 41. Rxc4 Nxg5 42. Rh4 Kg6 43. b4 Nf3 44. Rh3 Ng5 45. Rh1 Kf5 46. b5 Ne4 47. Kc2 Nd6 48. Rxh5+ Kg4 49. Rd5 Nb7 50. Rd7 Nc5 51. Rxg7+ 1-0


[Site "https://www.chess.com"]

[Event "Titled Tuesday Blitz June 21 Early 2022"]
[White "Kozelov, Roman"]
[Black "Jeet, Jain"]
[WhiteFideId "14133377"]
[BlackFideId "5073022"]
[WhiteElo "2149"]
[BlackElo "2055"]
[Result "0-1"]
[Round "05"]
[TimeControl "180+1"]
[Date "2022.06.22"]
[WhiteClock "0:00:20"]
[BlackClock "0:00:47"]

1. e4 c5 2. Nf3 d6 3. Bb5+ Nc6 4. a4 Nf6 5. Nc3 Bg4 6. h3 Bh5 7. g4 Bg6 8. d3 e6 9. Bf4 Be7 10. e5 Nd5 11. Nxd5 exd5 12. exd6 Bxd6 13. Qe2+ Be7 14. Ne5 Rc8 15. h4 f6 16. Nxg6 hxg6 17. O-O-O Kf7 18. Rde1 Qd7 19. h5 g5 20. Bg3 a6 21. Bxc6 Rxc6 22. h6 gxh6 23. f4 Re6 24. Qf3 Rxe1+ 25. Rxe1 Re8 26. Rh1 Bf8 27. fxg5 hxg5 28. Rh7+ Bg7 29. Kb1 Rh8 30. Rxh8 Bxh8 31. Bf2 d4 32. Bg3 Bg7 33. Qe4 Qe7 34. Qd5+ Qe6 35. Qxb7+ Kg8 36. Qa8+ Bf8 37. Qe4 Qd7 38. Qg6+ Bg7 39. b3 Qxg4 40. Bd6 Qe6 41. Bxc5 Qe1+ 42. Ka2 Qe5 43. Be7 Qxe7 0-1


[Site "https://www.chess.com"]

[Event "Titled Tuesday Blitz June 21 Early 2022"]
[White "Kozlov, Oleg"]
[Black "Legenia, Artem"]
[WhiteFideId "4104544"]
[BlackFideId "14136945"]
[WhiteElo "2132"]
[BlackElo "1936"]
[Result "1-0"]
[Round "05"]
[TimeControl "180+1"]
[Date "2022.06.22"]
[WhiteClock "0:01:19"]
[BlackClock "0:00:41"]

1. d4 d5 2. c4 e6 3. Nf3 c5 4. cxd5 exd5 5. g3 Nf6 6. Bg2 Nc6 7. O-O cxd4 8. Nxd4 Be7 9. Nc3 O-O 10. Bg5 h6 11. Bf4 Qb6 12. Nb3 Be6 13. Be3 Qd8 14. Nb5 a6 15. N5d4 Nxd4 16. Nxd4 Rc8 17. Qb3 b5 18. Bd2 Rc4 19. e3 Nd7 20. Rfc1 Nc5 21. Qd1 Nd3 22. Rc2 Qc7 23. Bc3 Ne5 24. Bf1 Rc5 25. Rac1 Rc8 26. Nb3 Rxc3 27. Rxc3 Nc4 28. Nd4 Nxb2 29. Rxc7 Nxd1 30. Rxc8+ 1-0


[Site "https://www.chess.com"]

[Event "Titled Tuesday Blitz June 21 Early 2022"]
[White "Krallis, Christos"]
[Black "Kononenko, Dmitry"]
[WhiteFideId "4298896"]
[BlackFideId "14113538"]
[WhiteElo "2234"]
[BlackElo "2145"]
[Result "1-0"]
[Round "05"]
[TimeControl "180+1"]
[Date "2022.06.22"]
[WhiteClock "0:00:21"]
[BlackClock "0:00:21"]

1. d4 Nf6 2. c4 c5 3. d5 b5 4. Nf3 g6 5. Qc2 Bg7 6. e4 O-O 7. Be2 bxc4 8. O-O e6 9. Bxc4 Ba6 10. Na3 exd5 11. exd5 Bxc4 12. Qxc4 d6 13. Nb5 a6 14. Nc3 Nbd7 15. Bf4 Nb6 16. Qd3 Re8 17. Rfe1 c4 18. Qd2 Qc7 19. h3 Nfd7 20. Ne4 Ne5 21. Nxe5 Bxe5 22. Bxe5 Rxe5 23. Nf6+ Kg7 24. Rxe5 dxe5 25. d6 Qd8 26. Ng4 Nd7 27. Re1 f6 28. f4 h5 29. fxe5 hxg4 30. e6 Ne5 31. Qd4 gxh3 32. e7 Qe8 33. Rxe5 fxe5 34. Qxe5+ Kh7 35. Qe6 Ra7 36. Qxh3+ Kg7 37. Qc3+ Kh7 38. Qf6 Ra8 39. Qh4+ Kg7 40. Qd4+ Kh7 41. Qxc4 Qc8 42. Qxc8 Rxc8 43. d7 Rc1+ 44. Kh2 1-0


[Site "https://www.chess.com"]

[Event "Titled Tuesday Blitz June 21 Early 2022"]
[White "Kvon, Andrey"]
[Black "Nasir, Zehn"]
[WhiteFideId "14201356"]
[BlackFideId "2613239"]
[WhiteElo "2458"]
[BlackElo "1993"]
[Result "1-0"]
[Round "05"]
[TimeControl "180+1"]
[Date "2022.06.22"]
[WhiteClock "0:02:07"]
[BlackClock "0:01:16"]

1. d4 Nf6 2. Nc3 d5 3. Bf4 a6 4. Nf3 Bf5 5. g3 e6 6. Bg2 Bd6 7. Nh4 Bg4 8. Qd2 Bxf4 9. Qxf4 Qd6 10. Qxd6 cxd6 11. h3 Bh5 12. g4 g5 13. Nf3 Bg6 14. Nxg5 Bxc2 15. Rc1 Bg6 16. e4 h6 17. e5 hxg5 18. exf6 Nd7 19. Bxd5 exd5 20. Nxd5 O-O 21. f3 Rfe8+ 22. Kd2 Re6 23. Nc7 Rae8 24. Nxe6 Rxe6 25. Rc8+ Kh7 26. h4 Nb6 27. hxg5+ Bh5 28. Rxh5+ Kg6 29. Rg8# 1-0


[Site "https://www.chess.com"]

[Event "Titled Tuesday Blitz June 21 Early 2022"]
[White "Ladan, Nicholas"]
[Black "Boyer, Mahel"]
[WhiteFideId "30918855"]
[BlackFideId "45102422"]
[WhiteElo "2167"]
[BlackElo "2400"]
[Result "1-0"]
[Round "05"]
[TimeControl "180+1"]
[Date "2022.06.22"]
[WhiteClock "0:00:06"]
[BlackClock "0:00:02"]

1. d4 d5 2. c4 c6 3. Nf3 Nf6 4. g3 dxc4 5. Bg2 g6 6. O-O Bg7 7. Ne5 Ng4 8. Bf4 O-O 9. Na3 Nxe5 10. dxe5 Be6 11. Rc1 Qa5 12. Nxc4 Bxc4 13. Rxc4 Bxe5 14. Qb3 Bxf4 15. Qxb7 Na6 16. Rxf4 Qxa2 17. Bxc6 Nc5 18. Qxe7 Ne6 19. Ra4 Qb3 20. Ra3 Qxb2 21. Bxa8 Rxa8 22. Rf3 Rf8 23. Qxa7 Qxe2 24. Re3 Qg4 25. Rfe1 Ng5 26. Qb7 h5 27. h4 Nh3+ 28. Kf1 Qc4+ 29. R3e2 Qg4 30. Qe4 Qc8 31. Kg2 Rd8 32. Qf3 Qg4 33. Qxg4 hxg4 34. Re4 f5 35. Re6 Kf7 36. Re7+ Kf8 37. Rh7 Rd2 38. Rf1 Kg8 39. Ra7 Rd6 40. Ra2 Re6 41. Rb1 Kf7 42. Rb7+ Kf6 43. Rab2 f4 44. R7b6 f3+ 45. Kh2 Rxb6 46. Rxb6+ Kf5 47. Rb5+ Kf6 48. h5 Nxf2 49. h6 Kf7 50. Rg5 Nd3 51. Rxg4 f2 52. Kg2 Kf6 53. Rd4 Ne5 54. Kxf2 Nf7 55. Rf4+ 1-0


[Site "https://www.chess.com"]

[Event "Titled Tuesday Blitz June 21 Early 2022"]
[White "Lagno, Kateryna"]
[Black "Perez Leiva, Jerzy Jesus"]
[WhiteFideId "14109336"]
[BlackFideId "3524337"]
[WhiteElo "2522"]
[BlackElo "2287"]
[Result "1-0"]
[Round "05"]
[TimeControl "180+1"]
[Date "2022.06.22"]
[WhiteClock "0:00:36"]
[BlackClock "0:00:01"]

1. e4 c5 2. Nf3 d6 3. d4 cxd4 4. Nxd4 Nf6 5. Nc3 a6 6. Be3 e5 7. Nf3 Be7 8. Nd2 Qc7 9. Nc4 Nbd7 10. a4 b6 11. Be2 Bb7 12. f3 O-O 13. O-O Rfd8 14. Qd2 Rac8 15. Rfd1 d5 16. Nxd5 Nxd5 17. exd5 Bc5 18. d6 Qc6 19. c3 Ba8 20. b4 Bxe3+ 21. Qxe3 e4 22. fxe4 Re8 23. Bd3 b5 24. axb5 axb5 25. Na5 Qxc3 26. Qd2 Qd4+ 27. Kh1 Bxe4 28. Bxb5 Qxd2 29. Rxd2 Bf5 30. Nc6 Kf8 31. Ne7 Rb8 32. Bc6 Be6 33. b5 Red8 34. h3 Nc5 35. Ra7 Nb3 36. Rf2 Nd4 37. Nd5 f6 38. d7 1-0


[Site "https://www.chess.com"]

[Event "Titled Tuesday Blitz June 21 Early 2022"]
[White "Lashkin, Jegor"]
[Black "Cunha, Lucas Aguiar"]
[WhiteFideId "13907808"]
[BlackFideId "2125404"]
[WhiteElo "2368"]
[BlackElo "2328"]
[Result "1-0"]
[Round "05"]
[TimeControl "180+1"]
[Date "2022.06.21"]
[WhiteClock "0:00:23"]
[BlackClock "0:00:03"]

1. d4 Nf6 2. c4 e6 3. Nf3 b6 4. a3 c5 5. d5 exd5 6. cxd5 g6 7. Nc3 d6 8. e4 Bg7 9. Bd3 O-O 10. h3 Ba6 11. O-O Re8 12. Bf4 Bf8 13. Re1 Bxd3 14. Qxd3 Nbd7 15. Nb5 Qb8 16. a4 a6 17. Na3 Qc7 18. Rac1 Nh5 19. Bh2 Bh6 20. Nc4 Bf4 21. Bxf4 Nxf4 22. Qd2 Nh5 23. e5 dxe5 24. d6 Qd8 25. Nfxe5 Nhf6 26. Nc6 Rxe1+ 27. Rxe1 Qf8 28. Qf4 b5 29. Ne7+ Kh8 30. Ne5 Qg7 31. Qf3 Rb8 32. Nxd7 Nxd7 33. Qc6 Nf8 34. Qc7 Ra8 35. d7 Qd4 36. Qc8 Qd2 37. Re3 Qd1+ 38. Kh2 Qd6+ 39. g3 Qd2 40. Qxa8 Qxf2+ 41. Qg2 Qxe3 42. d8=Q Kg7 43. Nd5 Qe5 44. axb5 axb5 45. Qc7 Qe6 46. Qxc5 1-0


[Site "https://www.chess.com"]

[Event "Titled Tuesday Blitz June 21 Early 2022"]
[White "Lauridsen, Jesper Morch"]
[Black "Joubert, Dantelle"]
[WhiteFideId "1401890"]
[BlackFideId "14310813"]
[WhiteElo "2206"]
[BlackElo "1507"]
[Result "1-0"]
[Round "05"]
[TimeControl "180+1"]
[Date "2022.06.22"]
[WhiteClock "0:00:37"]
[BlackClock "0:00:11"]

1. e3 d5 2. c4 e6 3. Nc3 Nf6 4. d4 Be7 5. Nf3 O-O 6. Bd3 c5 7. O-O Nc6 8. dxc5 dxc4 9. Bxc4 Bxc5 10. a3 a5 11. Qe2 Qe7 12. b3 e5 13. Bb2 e4 14. Nd2 Bg4 15. Nd5 Qd7 16. Nxf6+ gxf6 17. f3 exf3 18. gxf3 Bh3 19. Ne4 Be7 20. Rfd1 Qf5 21. Rd5 Qg6+ 22. Kh1 Kh8 23. Rg1 Qh6 24. f4 Rg8 25. Rh5 Rxg1+ 26. Kxg1 Qg7+ 27. Ng5 Bf5 28. Qg2 Bc5 29. Nxf7+ Qxf7 30. Bxf7 1-0


[Site "https://www.chess.com"]

[Event "Titled Tuesday Blitz June 21 Early 2022"]
[White "Lazavik, Denis"]
[Black "Stribuk, Artiom"]
[WhiteFideId "13515110"]
[BlackFideId "13515659"]
[WhiteElo "2437"]
[BlackElo "2259"]
[Result "1-0"]
[Round "05"]
[TimeControl "180+1"]
[Date "2022.06.21"]
[WhiteClock "0:00:20"]
[BlackClock "0:00:09"]

1. d4 Nf6 2. c4 g6 3. Nf3 Bg7 4. g3 c6 5. Nc3 d5 6. Qb3 O-O 7. Bg2 dxc4 8. Qxc4 Bf5 9. O-O Nbd7 10. a4 a5 11. Re1 Ne4 12. Qb3 Qb6 13. Qxb6 Nxb6 14. Nh4 Nd6 15. Nxf5 Nxf5 16. e3 e5 17. d5 cxd5 18. Nxd5 Nxd5 19. Bxd5 Rfd8 20. Bxb7 Rab8 21. Bf3 Nd6 22. Bd5 e4 23. Rb1 Kf8 24. b3 f5 25. Ba3 Bc3 26. Rec1 Bb4 27. Bxb4 Rxb4 28. Rc7 Nc8 29. Bc4 Nb6 30. Bb5 Nd5 31. Rc5 Ke7 32. Rd1 Nxe3 33. Rc7+ Kf6 34. Rxd8 Ng4 35. Bc4 Ne5 36. h4 1-0


[Site "https://www.chess.com"]